 Dungeon Crawl Stone Soup version 0.29.0-7-g18a832c13a (webtiles) character file.

Game seed: 13250800563156909248

10 SSird the Digger (level 2, 0/15 HPs)
             Began as a Gargoyle Earth Elementalist on Aug 31, 2022.
             Slain by a quokka (1 damage)
             ... on level 1 of the Dungeon.
             The game lasted 00:01:48 (726 turns).

SSird the Digger (Gargoyle Earth Elementalist)       Turns: 726, Time: 00:01:48

Health: 0/15       AC:  4    Str: 11    XL:     2   Next: 20%
Magic:  5/5        EV: 11    Int: 15    God:
Gold:   51         SH:  0    Dex: 10    Spells: 5/6 levels left

rFire   . . .      SeeInvis .   a - +0 club
rCold   . . .      Faith    .   (no shield)
rNeg    + . .      Spirit   .   e - +0 robe
rPois   ∞          Reflect  .   (no helmet)
rElec   +          Harm     .   (no cloak)
rCorr   .          Rampage  .   (no gloves)
Will    .....                   (no boots)
Stlth   ++........              (no amulet)
HPRegen 0.05/turn               (no ring)
MPRegen 0.09/turn               (no ring)

@: no status effects
A: sickness immunity, AC +2, negative energy resistance 1, electricity
resistance, torment resistance 1, petrification resistance
a: no special abilities


You were on level 1 of the Dungeon.
You visited 1 branch of the dungeon, and saw 1 of its levels.

You collected 51 gold pieces.

Inventory:

Hand Weapons
 a - a +0 club (weapon)
Armour
 e - a +0 robe (worn)
Potions
 b - a potion of magic
 c - a potion of brilliance {unknown}
 d - a potion of might {unknown}


   Skills:
 - Level 1.5 Dodging
 - Level 2.1 Stealth
 * Level 2.5 Spellcasting
 - Level 0.7 Transmutations
 + Level 3.9 Earth Magic


You had 5 spell levels left.
You knew the following spells:

 Your Spells              Type           Power      Damage    Failure   Level
a - Sandblast             Erth           26%        2d8       4%          1

Your spell library contained the following spells:

 Spells                   Type           Power      Damage    Failure   Level
 Passwall                 Tmut/Erth      6%         N/A       12%         2
 Stone Arrow              Conj/Erth      14%        3d7       28%         3
 Petrify                  Tmut/Erth      8%         N/A       63%         4


Dungeon Overview and Level Annotations

Branches:
Dungeon (1/15)

Altars:


Innate Abilities, Weirdness & Mutations

You are immune to sickness and miasma.
Your stone body is resilient. (AC +2)
You are immune to poison.
You resist negative energy. (rN+)
You are resistant to electric shocks. (rElec)
You are resistant to unholy torment.
You are immune to petrification.


Message History

The dart slug bites you but does no damage.
You hit the dart slug.
The dart slug is heavily wounded.
The dart slug closely misses you.
You hit the dart slug.
The dart slug is almost dead.
The dart slug launches a dart at you. The slug dart hits you.
You hit the dart slug.
You kill the dart slug!
You now have 51 gold pieces (gained 13).
A hobgoblin and a quokka come into view.
Found 6 stones.
The hobgoblin shouts!
Found a throwing net.
Found a scroll labelled OBRYEL RILA.
You closely miss the quokka.
The quokka bites you but does no damage. x2
You barely miss the quokka. The quokka bites you.
You hit the quokka but do no damage. Your punch misses the quokka.
The quokka closely misses you. The quokka bites you. The hobgoblin hits you.
You closely miss the hobgoblin. The quokka closely misses you.
The hobgoblin hits you but does no damage.
You closely miss the hobgoblin. The quokka barely misses you.
The hobgoblin hits you but does no damage.
The quokka closely misses you.
You barely miss the hobgoblin. The hobgoblin hits you.
The quokka closely misses you.
You closely miss the quokka. The quokka bites you. The hobgoblin hits you.
The quokka bites you but does no damage.
The hobgoblin hits you.
* * * LOW HITPOINT WARNING * * *
The quokka bites you.
* * * LOW HITPOINT WARNING * * *
A kobold comes into view. It is wielding a +0 short sword.
The kobold shouts!
The quokka bites you but does no damage.
The hobgoblin attacks as you move away! The hobgoblin closely misses you.
The quokka attacks as you move away! The quokka bites you.
You die...

#.# #.# #. #.#
#.########
#.#####........#
#.#............#
#.#......(.....#
#.#.....K......#
#.#(...........#
#.#.?...@......#
#.#....gr......#
#.#............#
#.#...........##
#.#...........#
#.#.........?.#
.########.##.##########
......g........#
########.###.#.#


You could see a quokka, a hobgoblin and a kobold.

Vanquished Creatures
  A dart slug (D:1)
  4 bats (D:1)
  A hobgoblin (D:1)
  2 goblins (D:1)
8 creatures vanquished.

Notes
Turn   | Place    | Note
-------+----------+-------------------------------------------
     0 | D:1      | SSird the Gargoyle Earth Elementalist began the quest for
                  | the Orb.
     0 | D:1      | Reached XP level 1. HP: 10/10 MP: 3/3
   541 | D:1      | Reached XP level 2. HP: 15/15 MP: 5/5
   726 | D:1      | Slain by a quokka

Illustrated notes

Levels and vault maps discovered:
D:1:      dpeg_arrival_windows_large_door, layout_basic, minmay_small_reverse_x

Action                   || total
-------------------------++-------
Melee: Unarmed           ||    58
       Club              ||    14
 Cast: Sandblast         ||     1
 Stab: Sleeping          ||     1
Armor: Robe              ||    57
Dodge: Dodged            ||    85
